Monarchs vs Mustangs
Created - March 8, 2018 at 19:06
Goals
|
Monarchs |
3 |
0 |
2 |
5 |
Mustangs |
1 |
1 |
0 |
2 |
|
Shots
|
Monarchs |
18 |
4 |
14 |
36 |
Mustangs |
13 |
16 |
5 |
34 |
|
1st period
1. Monarchs , Jeff Skinner 29 (Connor Brown 36, Tyler Toffoli 39) at 14:43 (PP)
2. Monarchs , Connor Brown 21 (Eric Wellwood 36) at 14:49
3. Mustangs , Jim O'Brien 20 (Alexei Marchenko 14, Scott Mayfield 11) at 16:08
4. Monarchs , Nail Yakupov 12 (Riley Cote 19, Jeff Skinner 25) at 19:09
Penalties :
Josh Jooris (Ham) for Holding (Minor) at 14:40
2nd period
5. Mustangs , Andrew Shaw 21 (Tomas Tatar 17, Brady Skjei 43) at 16:28
Penalties :
Josh Jooris (Ham) for Roughing (Minor) at 2:40, Mark Pysyk (Ham) for Interference (Minor) at 9:35
3rd period
6. Monarchs , Hampus Lindholm 11 (Colton Parayko 8) at 0:36
7. Monarchs , Jeff Skinner 30 (Tobias Rieder 25, Olli Maatta 10) at 0:48
Penalties :
Tyler Toffoli (MAN) for Charging (Minor) at 2:31, Tobias Rieder (MAN) for Hooking (Minor) at 10:29, Tyler McNeely (MAN) for Hooking (Minor) at 18:05
Goalie Stats
Matt Murray (MAN), 32 saves from 34 shots - (0.941), W, 11-17-3, 60:00 minutes
Peter Mannino (Ham), 19 saves from 24 shots - (0.792), L, 22-16-4, 40:48 minutes
Chet Pickard (Ham), 12 saves from 12 shots - (1.000), 19:12 minutes
Players Stats for Monarchs
Player Name G A P +/- PIM S H SB GA TA FO MP PP MP PK MP
------------------------------------------------------------------------------------
Bobby Sanguinetti 0 0 0 0 0 0 0 0 0 1 0/0 12:36 0:00 0:00
Chris Tierney 0 0 0 1 0 0 0 1 0 0 1/9 12:13 0:07 0:54
Colton Parayko 0 1 1 1 0 1 1 2 0 1 0/0 20:11 0:00 2:45
Connor Brown 1 1 2 1 0 3 0 0 2 0 0/1 17:32 2:00 0:00
Eric Wellwood 0 1 1 1 0 2 2 1 1 0 2/2 19:57 1:55 2:31
Hampus Lindholm 1 0 1 1 0 2 1 2 2 0 0/0 22:21 2:11 2:55
Jeff Skinner 2 1 3 1 0 6 3 1 0 0 0/0 17:28 1:55 0:22
Matt Tennyson 0 0 0 1 0 2 1 1 1 2 0/0 22:34 0:00 3:07
Morgan Rielly 0 0 0 0 0 0 1 2 0 0 0/0 15:27 2:11 0:00
Nail Yakupov 1 0 1 1 0 1 1 1 0 1 0/0 12:37 1:46 0:00
Olli Maatta 0 1 1 1 0 3 1 0 0 0 0/0 24:21 1:50 2:45
Pierre-Alexandre Parente 0 0 0 -1 0 0 1 0 3 0 0/0 8:13 0:15 0:00
Rickard Rakell 0 0 0 1 0 2 2 1 0 2 9/19 18:49 1:37 1:51
Riley Cote 0 1 1 1 0 3 0 3 2 0 2/5 15:12 0:42 3:07
Tobias Rieder 0 1 1 1 2 4 1 0 0 1 1/3 17:36 1:36 0:00
Tom Pyatt 0 0 0 -1 0 2 0 1 0 0 2/2 11:18 0:00 2:59
Ty Wishart 0 0 0 0 0 0 0 0 0 0 0/0 0:12 0:00 0:12
Tyler McNeely 0 0 0 -1 2 1 2 0 1 1 0/0 7:53 0:00 0:00
Tyler Toffoli 0 1 1 1 2 4 1 1 0 1 12/25 17:35 2:00 0:00
Players Stats for Mustangs
Player Name G A P +/- PIM S H SB GA TA FO MP PP MP PK MP
------------------------------------------------------------------------------------
Alexei Marchenko 0 1 1 0 0 1 0 1 0 1 0/0 12:08 0:00 0:00
Andreas Athanasiou 0 0 0 -1 0 2 2 0 0 0 2/5 7:41 0:00 0:00
Andrew Shaw 1 0 1 0 0 1 2 0 0 0 2/3 17:37 2:41 0:00
Brady Skjei 0 1 1 -1 0 2 0 1 0 2 0/0 26:35 3:12 1:57
Cameron Gaunce 0 0 0 -1 0 1 1 1 1 1 0/0 20:25 2:40 1:51
Curtis Hamilton 0 0 0 -1 0 1 0 0 0 0 0/1 7:41 0:00 0:00
Derek Joslin 0 0 0 -1 0 2 3 0 1 0 0/0 27:48 3:12 2:44
Francis Paré 0 0 0 -1 0 1 0 2 0 0 0/0 7:41 0:00 0:00
Jerome Samson 0 0 0 1 0 3 1 0 0 0 1/1 10:17 0:00 0:00
Jim O'Brien 1 0 1 1 0 5 0 0 0 0 4/5 10:54 0:00 0:37
Josh Jooris 0 0 0 -2 4 2 1 1 1 0 0/0 20:22 3:11 0:00
Joshua Leivo 0 0 0 1 0 0 0 0 1 0 0/0 10:43 0:00 0:26
Marcus Foligno 0 0 0 -2 0 4 3 0 2 1 0/0 22:18 3:11 2:01
Mark Pysyk 0 0 0 -1 2 1 1 2 1 4 0/0 19:28 2:40 0:42
Mika Zibanejad 0 0 0 -2 0 1 0 0 1 0 16/31 21:52 3:11 1:28
Riley Sheahan 0 0 0 0 0 2 3 0 2 1 11/19 19:33 2:41 1:56
Scott Mayfield 0 1 1 0 0 1 2 0 0 1 0/0 13:35 0:00 0:48
Tomas Tatar 0 1 1 0 0 4 0 0 0 1 1/1 19:18 2:41 1:34
3 Stars
1 - Jeff Skinner (MAN)
2 - Connor Brown (MAN)
3 - Hampus Lindholm (MAN)
Power Play
Monarchs - 1 on 3 Attempt(s) - 33.33%
Mustangs - 0 on 3 Attempt(s) - 0.00%
Penalty Kill
Monarchs - 3 on 3 Attempt(s) - 100.00%
- Score 0 goal in Penalty Kill
Mustangs - 2 on 3 Attempt(s) - 66.67%
- Score 0 goal in Penalty Kill
Team Stat
Monarchs - Hits : 18 - Faceoff Wins : 29 - Blocked Shots : 17 - Penalty Minutes : 6
Mustangs - Hits : 19 - Faceoff Wins : 37 - Blocked Shots : 8 - Penalty Minutes : 6
Official
Referees : Pochmara Brian and Pollock Kevin
Linesman : Jean Morin and Steve Barton
Game Notes
Chet Pickard enters game at 0:48 of 3rd period
Finance
Level 1 -- Attendance: 1335 (66.75%) -- Ticket Income $53,400
Level 2 -- Attendance: 803 (80.30%) -- Ticket Income $16,060
Total Attendance: 2138 (71.27%)
Total Ticket Income: $69,460
Other Income: $3,473
Total Income: $72,933
Monarchs
5 vs 5 Forward
Center Left Wing Right Wing Time % Phy DF OF
1 Tyler Toffoli Eric Wellwood Connor Brown 35 1 2 2
2 Rickard Rakell Jeff Skinner Tobias Rieder 35 1 2 2
3 Chris Tierney Riley Cote Nail Yakupov 25 1 2 2
4 Tom Pyatt Tyler McNeely Pierre-Alexandre Parentea5 1 2 2
5 vs 5 Defense
Defense Defense Time % Phy DF OF
1 Matt Tennyson Olli Maatta 40 1 3 1
2 Hampus Lindholm Colton Parayko 35 1 3 1
3 Morgan Rielly Bobby Sanguinetti 25 1 3 1
4 Hampus Lindholm Colton Parayko 0 1 3 1
PowerPlay Forward
Center Left Wing Right Wing Time % Phy DF OF
1 Tyler Toffoli Jeff Skinner Connor Brown 60 0 1 4
2 Rickard Rakell Tobias Rieder Nail Yakupov 40 1 1 3
PowerPlay Defense
Defense Defense Time % Phy DF OF
1 Morgan Rielly Hampus Lindholm 60 0 2 3
2 Olli Maatta Eric Wellwood 40 0 2 3
Penalty Kill 4 Players Forward
Center Wing Time % Phy DF OF
1 Riley Cote Tom Pyatt 60 0 4 1
2 Eric Wellwood Chris Tierney 40 0 4 1
Penalty Kill 4 Players Defense
Defense Defense Time % Phy DF OF
1 Hampus Lindholm Matt Tennyson 60 1 4 0
2 Olli Maatta Colton Parayko 40 1 4 0
Penalty Kill - 3 Players Forward
Forward Time % Phy DF OF
1 Riley Cote 60 1 2 2
2 Chris Tierney 40 1 2 2
Penalty Kill - 3 Players Defense
Defense Defense Time % Phy DF OF
1 Matt Tennyson Ty Wishart 60 1 2 2
2 Olli Maatta Colton Parayko 40 1 2 2
4 vs 4 Forward
Center Wing Time % Phy DF OF
1 Jeff Skinner Eric Wellwood 60 1 2 2
2 Connor Brown Tyler Toffoli 40 1 2 2
4 vs 4 Defense
Defense Defense Time % Phy DF OF
1 Hampus Lindholm Colton Parayko 60 1 2 2
2 Olli Maatta Matt Tennyson 40 1 2 2
Last Minutes Offensive
Center Left Wing Right Wing Defense Defense
Tyler Toffoli Jeff Skinner Connor Brown Hampus Lindholm Matt Tennyson
Last Minutes Defensive
Center Left Wing Right Wing Defense Defense
Chris Tierney Riley Cote Tom Pyatt Olli Maatta Matt Tennyson
Goaltenders
Starting : Matt Murray
Backup : Niklas Backstrom
Extra Forwards
Normal : Nail Yakupov, Jeff Skinner, Connor Brown - PP : Riley Cote, Eric Wellwood - PK : Tom Pyatt
Extra Defensemen
Normal : Hampus Lindholm, Olli Maatta, Matt Tennyson - PP : Matt Tennyson - PK : Hampus Lindholm, Ty Wishart
Penalty Shots
Jeff Skinner, Riley Cote, Pierre-Alexandre Parenteau, Tyler McNeely, Tyler Toffoli
Scratches
Christophe Lalancette (Healthy), Dalton Smith (Healthy), Ludwig Bystrom (Healthy), Jamie McGinn (Healthy), Igor Makarov (Healthy)
Ryan White (Healthy), Trevor Lewis (Healthy), Anthony Peluso (Healthy), Jake Muzzin (Healthy), Alec Martinez (Healthy)
Jeff Frazee (Healthy), Tyler Beskorowany (Healthy)
Mustangs
5 vs 5 Forward
Center Left Wing Right Wing Time % Phy DF OF
1 Mika Zibanejad Marcus Foligno Josh Jooris 40 1 2 2
2 Riley Sheahan Tomas Tatar Andrew Shaw 30 1 2 2
3 Jim O'Brien Joshua Leivo Jerome Samson 20 1 2 2
4 Andreas Athanasiou Curtis Hamilton Francis Paré 10 1 2 2
5 vs 5 Defense
Defense Defense Time % Phy DF OF
1 Derek Joslin Brady Skjei 44 1 2 2
2 Cameron Gaunce Mark Pysyk 33 1 2 2
3 Alexei Marchenko Scott Mayfield 23 1 2 2
4 Derek Joslin Brady Skjei 0 1 2 2
PowerPlay Forward
Center Left Wing Right Wing Time % Phy DF OF
1 Mika Zibanejad Marcus Foligno Josh Jooris 60 1 2 2
2 Riley Sheahan Tomas Tatar Andrew Shaw 40 1 2 2
PowerPlay Defense
Defense Defense Time % Phy DF OF
1 Derek Joslin Brady Skjei 60 1 2 2
2 Cameron Gaunce Mark Pysyk 40 1 2 2
Penalty Kill 4 Players Forward
Center Wing Time % Phy DF OF
1 Riley Sheahan Marcus Foligno 60 1 2 2
2 Jim O'Brien Tomas Tatar 40 1 2 2
Penalty Kill 4 Players Defense
Defense Defense Time % Phy DF OF
1 Derek Joslin Brady Skjei 60 1 2 2
2 Cameron Gaunce Mark Pysyk 40 1 2 2
Penalty Kill - 3 Players Forward
Forward Time % Phy DF OF
1 Riley Sheahan 60 1 2 2
2 Jim O'Brien 40 1 2 2
Penalty Kill - 3 Players Defense
Defense Defense Time % Phy DF OF
1 Derek Joslin Brady Skjei 60 1 2 2
2 Cameron Gaunce Mark Pysyk 40 1 2 2
4 vs 4 Forward
Center Wing Time % Phy DF OF
1 Mika Zibanejad Marcus Foligno 60 1 2 2
2 Riley Sheahan Tomas Tatar 40 1 2 2
4 vs 4 Defense
Defense Defense Time % Phy DF OF
1 Derek Joslin Brady Skjei 60 1 2 2
2 Cameron Gaunce Mark Pysyk 40 1 2 2
Last Minutes Offensive
Center Left Wing Right Wing Defense Defense
Mika Zibanejad Marcus Foligno Josh Jooris Derek Joslin Brady Skjei
Last Minutes Defensive
Center Left Wing Right Wing Defense Defense
Riley Sheahan Marcus Foligno Josh Jooris Derek Joslin Brady Skjei
Goaltenders
Starting : Peter Mannino
Backup : Chet Pickard
Extra Forwards
Normal : Mika Zibanejad, Riley Sheahan, Jim O'Brien - PP : Mika Zibanejad, Riley Sheahan - PK : Marcus Foligno
Extra Defensemen
Normal : Brady Skjei, Mark Pysyk, Cameron Gaunce - PP : Brady Skjei - PK : Derek Joslin, Cameron Gaunce
Penalty Shots
Andreas Athanasiou, Mika Zibanejad, Andrew Shaw, Marcus Foligno, Josh Jooris
Scratches
Roman Horak (Healthy), Dominik Uher (Healthy), Joe Finley (Healthy), Eric Knodel (Healthy), Matthew Finn (Healthy)
Danny Biega (Healthy), Raphael Bussieres (Healthy), Sam Kurker (Healthy), Max Gortz (Healthy), Rick Schofield (Healthy)
Denis Bodrov (Healthy), Riley Nash (Healthy), Justin Peters (Healthy), Joacim Eriksson (Healthy)
% Time on Ice - Monarchs
Lines # - Real PCT - Wanted PCT - Time Play
Normal Forward
1 - 32% - 35% - 16:05
2 - 30% - 35% - 14:56
3 - 22% - 25% - 11:12
4 - 16% - 5% - 7:54
Normal Defense
1 - 40% - 40% - 19:55
2 - 35% - 35% - 17:36
3 - 25% - 25% - 12:36
4 - 0% - 0% - 0:00
PP Forward
1 - 56% - 60% - 2:15
2 - 44% - 40% - 1:46
PP Defense
1 - 54% - 60% - 2:11
2 - 46% - 40% - 1:50
PK Forward
1 - 88% - 60% - 5:09
2 - 12% - 40% - 0:43
PK Defense
1 - 53% - 60% - 3:07
2 - 47% - 40% - 2:45
PK3 Forward
1 - 0% - 60%
2 - 0% - 40%
PK3 Defense
1 - 0% - 60%
2 - 0% - 40%
44 Forward
1 - 0% - 60%
2 - 0% - 40%
44 Defense
1 - 0% - 60%
2 - 0% - 40%
Last Minute Offensive - 0:00
Last Minute Defensive - 0:00
Total
Forward - 60:00
Defense - 60:00
|
% Time on Ice - Mustangs
Lines # - Real PCT - Wanted PCT - Time Play
Normal Forward
1 - 34% - 40% - 17:13
2 - 30% - 30% - 14:56
3 - 21% - 20% - 10:17
4 - 15% - 10% - 7:41
Normal Defense
1 - 43% - 44% - 21:27
2 - 32% - 33% - 15:54
3 - 24% - 23% - 12:01
4 - 1% - 0% - 0:45
PP Forward
1 - 54% - 60% - 3:11
2 - 46% - 40% - 2:41
PP Defense
1 - 55% - 60% - 3:12
2 - 45% - 40% - 2:40
PK Forward
1 - 85% - 60% - 3:24
2 - 15% - 40% - 0:37
PK Defense
1 - 54% - 60% - 2:10
2 - 46% - 40% - 1:51
PK3 Forward
1 - 0% - 60%
2 - 0% - 40%
PK3 Defense
1 - 0% - 60%
2 - 0% - 40%
44 Forward
1 - 0% - 60%
2 - 0% - 40%
44 Defense
1 - 0% - 60%
2 - 0% - 40%
Last Minute Offensive - 0:00
Last Minute Defensive - 0:00
Total
Forward - 60:00
Defense - 60:00
|
Play by Play
1st period
0:01 of 1st period - Mika Zibanejad wins face-off versus Tyler Toffoli in neutral zone.
0:04 of 1st period - Snap shot by Marcus Foligno.
0:04 of 1st period - Stopped by Matt Murray without a rebound.
0:05 of 1st period - Mika Zibanejad wins face-off versus Tyler Toffoli in Monarchs zone.
0:48 of 1st period - Snap shot by Marcus Foligno.
0:48 of 1st period - Stopped by Matt Murray with a rebound.
0:54 of 1st period - Snap shot by Mika Zibanejad.
0:54 of 1st period - Shot Misses the Net.
1:37 of 1st period - Slapshot by Marcus Foligno.
1:37 of 1st period - Shot Misses the Net.
1:39 of 1st period - Slapshot by Derek Joslin.
1:39 of 1st period - Shot Misses the Net.
1:57 of 1st period - Wrist shot by Mika Zibanejad.
1:57 of 1st period - Shot Misses the Net.
1:59 of 1st period - Slapshot by Brady Skjei.
1:59 of 1st period - Stopped by Matt Murray with a rebound.
2:09 of 1st period - Snap shot by Josh Jooris.
2:09 of 1st period - Stopped by Matt Murray without a rebound.
2:10 of 1st period - Riley Sheahan wins face-off versus Rickard Rakell in Monarchs zone.
2:13 of 1st period - Slapshot by Tomas Tatar.
2:13 of 1st period - Stopped by Matt Murray without a rebound.
2:14 of 1st period - Andrew Shaw wins face-off versus Rickard Rakell in Monarchs zone.
2:15 of 1st period - Wrist shot by Riley Sheahan.
2:15 of 1st period - Stopped by Matt Murray without a rebound.
2:16 of 1st period - Riley Sheahan wins face-off versus Tobias Rieder in Monarchs zone.
2:49 of 1st period - Snap shot by Jeff Skinner.
2:49 of 1st period - Stopped by Peter Mannino with a rebound.
2:51 of 1st period - Wrist shot by Colton Parayko.
2:51 of 1st period - Stopped by Peter Mannino with a rebound.
2:59 of 1st period - Slapshot by Jeff Skinner.
2:59 of 1st period - Stopped by Peter Mannino without a rebound.
3:00 of 1st period - Jim O'Brien wins face-off versus Chris Tierney in Mustangs zone.
3:38 of 1st period - Tom Pyatt is hit by Scott Mayfield and loses puck.
3:51 of 1st period - Riley Sheahan is hit by Nail Yakupov and loses puck.
5:15 of 1st period - Alexei Marchenko is hit by Jeff Skinner and loses puck.
5:34 of 1st period - Matt Tennyson is hit by Andreas Athanasiou.
6:01 of 1st period - Riley Cote is hit by Riley Sheahan and loses puck.
6:37 of 1st period - Snap shot by Jeff Skinner.
6:37 of 1st period - Stopped by Peter Mannino with a rebound.
7:51 of 1st period - Snap shot by Jeff Skinner.
7:51 of 1st period - Shot Misses the Net.
8:18 of 1st period - Snap shot by Tomas Tatar.
8:18 of 1st period - Stopped by Matt Murray without a rebound.
8:19 of 1st period - Jim O'Brien wins face-off versus Chris Tierney in Monarchs zone.
8:28 of 1st period - Wrist shot by Jim O'Brien.
8:28 of 1st period - Stopped by Matt Murray without a rebound.
8:29 of 1st period - Rickard Rakell wins face-off versus Mika Zibanejad in Monarchs zone.
8:54 of 1st period - Snap shot by Riley Sheahan.
8:54 of 1st period - Deflect By Tomas Tatar.
8:54 of 1st period - Shot Misses the Net.
8:54 of 1st period - Puck is out of play.
8:55 of 1st period - Chris Tierney wins face-off versus Riley Sheahan in Monarchs zone.
9:47 of 1st period - Tom Pyatt is hit by Marcus Foligno and loses puck.
9:54 of 1st period - Wrist shot by Pierre-Alexandre Parenteau.
9:54 of 1st period - Shot Misses the Net.
10:01 of 1st period - Icing by Derek Joslin.
10:02 of 1st period - Jerome Samson wins face-off versus Tyler Toffoli in Mustangs zone.
10:27 of 1st period - Mark Pysyk is hit by Rickard Rakell and loses puck.
10:50 of 1st period - Snap shot by Riley Cote.
10:50 of 1st period - Stopped by Peter Mannino without a rebound.
10:51 of 1st period - Mika Zibanejad wins face-off versus Chris Tierney in Mustangs zone.
10:56 of 1st period - Colton Parayko is hit by Marcus Foligno and loses puck.
11:07 of 1st period - Wrist shot by Riley Cote.
11:07 of 1st period - Shot Misses the Net.
11:09 of 1st period - Wrist shot by Chris Tierney.
11:09 of 1st period - Shot Misses the Net.
11:11 of 1st period - Backhand shot by Hampus Lindholm.
11:11 of 1st period - Shot Blocked by Mark Pysyk.
11:13 of 1st period - Backhand shot by Colton Parayko.
11:13 of 1st period - Shot Blocked by Cameron Gaunce.
11:17 of 1st period - Wrist shot by Riley Cote.
11:17 of 1st period - Stopped by Peter Mannino with a rebound.
11:19 of 1st period - Backhand shot by Matt Tennyson.
11:19 of 1st period - Shot Blocked by Mark Pysyk.
11:21 of 1st period - Slapshot by Olli Maatta.
11:21 of 1st period - Stopped by Peter Mannino without a rebound.
11:22 of 1st period - Riley Sheahan wins face-off versus Rickard Rakell in Mustangs zone.
11:59 of 1st period - Wrist shot by Tyler Toffoli.
11:59 of 1st period - Shot Misses the Net.
12:01 of 1st period - Snap shot by Tyler Toffoli.
12:01 of 1st period - Stopped by Peter Mannino with a rebound.
12:13 of 1st period - Riley Cote is hit by Derek Joslin and loses puck.
12:37 of 1st period - Off-side.
12:38 of 1st period - Tobias Rieder wins face-off versus Riley Sheahan in neutral zone.
12:40 of 1st period - Off-side.
12:41 of 1st period - Rickard Rakell wins face-off versus Riley Sheahan in neutral zone.
13:12 of 1st period - Mark Pysyk is hit by Morgan Rielly and loses puck.
13:30 of 1st period - Wrist shot by Mika Zibanejad.
13:30 of 1st period - Shot Blocked by Riley Cote.
13:32 of 1st period - Backhand shot by Mika Zibanejad.
13:32 of 1st period - Shot Misses the Net.
13:34 of 1st period - Slapshot by Cameron Gaunce.
13:34 of 1st period - Shot Blocked by Riley Cote.
14:10 of 1st period - Hampus Lindholm is hit by Derek Joslin and loses puck.
14:27 of 1st period - Snap shot by Jeff Skinner.
14:27 of 1st period - Shot Misses the Net.
14:29 of 1st period - Snap shot by Tobias Rieder.
14:29 of 1st period - Stopped by Peter Mannino with a rebound.
14:31 of 1st period - Wrist shot by Olli Maatta.
14:31 of 1st period - Stopped by Peter Mannino without a rebound.
14:32 of 1st period - Tyler Toffoli wins face-off versus Mika Zibanejad in Mustangs zone.
14:40 of 1st period - Minor Penalty to Josh Jooris for Holding.
14:41 of 1st period - Tyler Toffoli wins face-off versus Riley Sheahan in Mustangs zone.
14:43 of 1st period - Snap shot by Jeff Skinner.
14:43 of 1st period - Goal by Jeff Skinner - Monarchs : 1 - Mustangs : 0.
14:44 of 1st period - Tyler Toffoli wins face-off versus Mika Zibanejad in neutral zone.
14:47 of 1st period - Wrist shot by Eric Wellwood.
14:47 of 1st period - Deflect By Tyler Toffoli.
14:47 of 1st period - Stopped by Peter Mannino without a rebound.
14:48 of 1st period - Eric Wellwood wins face-off versus Mika Zibanejad in Mustangs zone.
14:49 of 1st period - Snap shot by Connor Brown.
14:49 of 1st period - Deflect By Marcus Foligno.
14:49 of 1st period - Goal by Connor Brown - Monarchs : 2 - Mustangs : 0.
14:50 of 1st period - Riley Sheahan wins face-off versus Tyler Toffoli in neutral zone.
15:17 of 1st period - Marcus Foligno is hit by Tobias Rieder and loses puck.
16:00 of 1st period - Wrist shot by Jerome Samson.
16:00 of 1st period - Stopped by Matt Murray with a rebound.
16:04 of 1st period - Snap shot by Jim O'Brien.
16:04 of 1st period - Shot Blocked by Tom Pyatt.
16:06 of 1st period - Snap shot by Alexei Marchenko.
16:06 of 1st period - Stopped by Matt Murray with a rebound.
16:08 of 1st period - Snap shot by Jim O'Brien.
16:08 of 1st period - Goal by Jim O'Brien - Monarchs : 2 - Mustangs : 1.
16:09 of 1st period - Tyler Toffoli wins face-off versus Andrew Shaw in neutral zone.
16:14 of 1st period - Slapshot by Connor Brown.
16:14 of 1st period - Stopped by Peter Mannino with a rebound.
16:34 of 1st period - Josh Jooris is hit by Jeff Skinner and loses puck.
16:39 of 1st period - Slapshot by Hampus Lindholm.
16:39 of 1st period - Deflect By Marcus Foligno.
16:39 of 1st period - Stopped by Peter Mannino with a rebound.
16:41 of 1st period - Wrist shot by Jeff Skinner.
16:41 of 1st period - Stopped by Peter Mannino without a rebound.
16:42 of 1st period - Rickard Rakell wins face-off versus Riley Sheahan in Mustangs zone.
17:09 of 1st period - Eric Wellwood is hit by Josh Jooris and loses puck.
17:15 of 1st period - Off-side.
17:16 of 1st period - Tyler Toffoli wins face-off versus Mika Zibanejad in neutral zone.
17:23 of 1st period - Snap shot by Eric Wellwood.
17:23 of 1st period - Stopped by Peter Mannino with a rebound.
17:29 of 1st period - Slapshot by Tyler Toffoli.
17:29 of 1st period - Shot Blocked by Brady Skjei.
17:31 of 1st period - Backhand shot by Matt Tennyson.
17:31 of 1st period - Shot Blocked by Josh Jooris.
18:04 of 1st period - Snap shot by Jim O'Brien.
18:04 of 1st period - Shot Misses the Net.
18:06 of 1st period - Slapshot by Mark Pysyk.
18:06 of 1st period - Stopped by Matt Murray with a rebound.
18:08 of 1st period - Snap shot by Mark Pysyk.
18:08 of 1st period - Shot Blocked by Hampus Lindholm.
18:10 of 1st period - Wrist shot by Cameron Gaunce.
18:10 of 1st period - Deflect By Jerome Samson.
18:10 of 1st period - Shot Blocked by Hampus Lindholm.
18:10 of 1st period - Puck is out of play.
18:11 of 1st period - Mika Zibanejad wins face-off versus Tyler Toffoli in Monarchs zone.
18:32 of 1st period - Mika Zibanejad is hit by Eric Wellwood.
18:51 of 1st period - Snap shot by Tomas Tatar.
18:51 of 1st period - Stopped by Matt Murray with a rebound.
18:53 of 1st period - Snap shot by Tomas Tatar.
18:53 of 1st period - Shot Misses the Net.
19:09 of 1st period - Backhand shot by Nail Yakupov.
19:09 of 1st period - Goal by Nail Yakupov - Monarchs : 3 - Mustangs : 1.
19:10 of 1st period - Tyler Toffoli wins face-off versus Mika Zibanejad in neutral zone.
19:12 of 1st period - Off-side.
19:13 of 1st period - Mika Zibanejad wins face-off versus Tyler Toffoli in neutral zone.
19:55 of 1st period - Icing by Olli Maatta.
19:56 of 1st period - Rickard Rakell wins face-off versus Jim O'Brien in Monarchs zone.
Goals for this period are 3 for Monarchs vs 1 for Mustangs.
Shots for this period are 18 for Monarchs vs 13 for Mustangs.
2nd period
0:01 of 2nd period - Tyler Toffoli wins face-off versus Mika Zibanejad in neutral zone.
1:13 of 2nd period - Wrist shot by Jerome Samson.
1:13 of 2nd period - Stopped by Matt Murray with a rebound.
1:16 of 2nd period - Icing by Olli Maatta.
1:17 of 2nd period - Tom Pyatt wins face-off versus Andreas Athanasiou in Monarchs zone.
1:17 of 2nd period - Tom Pyatt is hit by Andreas Athanasiou.
1:22 of 2nd period - Matt Tennyson is hit by Mark Pysyk.
2:15 of 2nd period - Snap shot by Tom Pyatt.
2:15 of 2nd period - Stopped by Peter Mannino with a rebound.
2:17 of 2nd period - Snap shot by Tyler McNeely.
2:17 of 2nd period - Stopped by Peter Mannino with a rebound.
2:27 of 2nd period - Snap shot by Tom Pyatt.
2:27 of 2nd period - Stopped by Peter Mannino without a rebound.
2:28 of 2nd period - Tyler Toffoli wins face-off versus Mika Zibanejad in Mustangs zone.
2:40 of 2nd period - Minor Penalty to Josh Jooris for Roughing.
2:41 of 2nd period - Riley Sheahan wins face-off versus Connor Brown in Mustangs zone.
2:41 of 2nd period - Riley Sheahan is hit by Jeff Skinner.
2:58 of 2nd period - Brady Skjei is hit by Hampus Lindholm and loses puck.
3:33 of 2nd period - Wrist shot by Tomas Tatar.
3:33 of 2nd period - Shot Misses the Net.
3:35 of 2nd period - Slapshot by Jim O'Brien.
3:35 of 2nd period - Shot Blocked by Tyler Toffoli.
3:37 of 2nd period - Slapshot by Derek Joslin.
3:37 of 2nd period - Stopped by Matt Murray with a rebound.
3:39 of 2nd period - Slapshot by Derek Joslin.
3:39 of 2nd period - Stopped by Matt Murray with a rebound.
3:41 of 2nd period - Slapshot by Derek Joslin.
3:41 of 2nd period - Shot Blocked by Eric Wellwood.
4:19 of 2nd period - Hampus Lindholm is hit by Cameron Gaunce and loses puck.
4:40 of 2nd period - Penalty to Josh Jooris is over, Josh Jooris is back on ice.
4:54 of 2nd period - Snap shot by Jerome Samson.
4:54 of 2nd period - Shot Blocked by Morgan Rielly.
5:11 of 2nd period - Slapshot by Riley Cote.
5:11 of 2nd period - Shot Misses the Net.
5:23 of 2nd period - Wrist shot by Derek Joslin.
5:23 of 2nd period - Deflect By Francis Paré.
5:23 of 2nd period - Stopped by Matt Murray with a rebound.
5:25 of 2nd period - Backhand shot by Scott Mayfield.
5:25 of 2nd period - Stopped by Matt Murray without a rebound.
5:26 of 2nd period - Andreas Athanasiou wins face-off versus Riley Cote in Monarchs zone.
5:27 of 2nd period - Slapshot by Cameron Gaunce.
5:27 of 2nd period - Deflect By Andreas Athanasiou.
5:27 of 2nd period - Shot Misses the Net.
5:27 of 2nd period - Puck is out of play.
5:28 of 2nd period - Mika Zibanejad wins face-off versus Chris Tierney in Monarchs zone.
5:53 of 2nd period - Matt Tennyson is hit by Jerome Samson.
6:41 of 2nd period - Snap shot by Marcus Foligno.
6:41 of 2nd period - Stopped by Matt Murray with a rebound.
6:47 of 2nd period - Wrist shot by Marcus Foligno.
6:47 of 2nd period - Shot Misses the Net.
6:49 of 2nd period - Slapshot by Marcus Foligno.
6:49 of 2nd period - Shot Misses the Net.
7:01 of 2nd period - Wrist shot by Jim O'Brien.
7:01 of 2nd period - Stopped by Matt Murray with a rebound.
7:23 of 2nd period - Slapshot by Andrew Shaw.
7:23 of 2nd period - Deflect By Olli Maatta.
7:23 of 2nd period - Shot Misses the Net.
7:23 of 2nd period - Puck is out of play.
7:24 of 2nd period - Tomas Tatar wins face-off versus Rickard Rakell in Monarchs zone.
7:39 of 2nd period - Backhand shot by Riley Sheahan.
7:39 of 2nd period - Shot Misses the Net.
8:50 of 2nd period - Snap shot by Riley Sheahan.
8:50 of 2nd period - Stopped by Matt Murray without a rebound.
8:51 of 2nd period - Mika Zibanejad wins face-off versus Chris Tierney in Monarchs zone.
8:52 of 2nd period - Snap shot by Marcus Foligno.
8:52 of 2nd period - Deflect By Bobby Sanguinetti.
8:52 of 2nd period - Shot Blocked by Nail Yakupov.
8:52 of 2nd period - Puck is out of play.
8:53 of 2nd period - Mika Zibanejad wins face-off versus Chris Tierney in Monarchs zone.
9:18 of 2nd period - Alexei Marchenko is hit by Tyler McNeely and loses puck.
9:35 of 2nd period - Minor Penalty to Mark Pysyk for Interference.
9:36 of 2nd period - Riley Sheahan wins face-off versus Tyler Toffoli in Mustangs zone.
11:35 of 2nd period - Penalty to Mark Pysyk is over, Mark Pysyk is back on ice.
11:41 of 2nd period - Brady Skjei is hit by Tyler McNeely and loses puck.
11:48 of 2nd period - Scott Mayfield is hit by Eric Wellwood.
11:58 of 2nd period - Alexei Marchenko is hit by Pierre-Alexandre Parenteau and loses puck.
12:45 of 2nd period - Bobby Sanguinetti is hit by Riley Sheahan and loses puck.
13:36 of 2nd period - Colton Parayko is hit by Andrew Shaw and loses puck.
14:12 of 2nd period - Marcus Foligno is hit by Olli Maatta and loses puck.
14:23 of 2nd period - Snap shot by Josh Jooris.
14:23 of 2nd period - Shot Misses the Net.
14:25 of 2nd period - Slapshot by Scott Mayfield.
14:25 of 2nd period - Deflect By Andreas Athanasiou.
14:25 of 2nd period - Stopped by Matt Murray with a rebound.
14:27 of 2nd period - Wrist shot by Francis Paré.
14:27 of 2nd period - Deflect By Curtis Hamilton.
14:27 of 2nd period - Stopped by Matt Murray with a rebound.
14:29 of 2nd period - Slapshot by Scott Mayfield.
14:29 of 2nd period - Deflect By Francis Paré.
14:29 of 2nd period - Shot Blocked by Morgan Rielly.
14:29 of 2nd period - Puck is out of play.
14:30 of 2nd period - Andreas Athanasiou wins face-off versus Tyler Toffoli in Monarchs zone.
14:31 of 2nd period - Slapshot by Brady Skjei.
14:31 of 2nd period - Deflect By Andreas Athanasiou.
14:31 of 2nd period - Stopped by Matt Murray without a rebound.
14:32 of 2nd period - Tyler Toffoli wins face-off versus Mika Zibanejad in Monarchs zone.
14:41 of 2nd period - Wrist shot by Josh Jooris.
14:41 of 2nd period - Stopped by Matt Murray without a rebound.
14:42 of 2nd period - Mika Zibanejad wins face-off versus Rickard Rakell in Monarchs zone.
14:43 of 2nd period - Slapshot by Marcus Foligno.
14:43 of 2nd period - Stopped by Matt Murray without a rebound.
14:44 of 2nd period - Rickard Rakell wins face-off versus Mika Zibanejad in Monarchs zone.
14:51 of 2nd period - Slapshot by Jeff Skinner.
14:51 of 2nd period - Shot Misses the Net.
16:20 of 2nd period - Slapshot by Connor Brown.
16:20 of 2nd period - Stopped by Peter Mannino without a rebound.
16:21 of 2nd period - Riley Sheahan wins face-off versus Tyler Toffoli in Mustangs zone.
16:28 of 2nd period - Slapshot by Andrew Shaw.
16:28 of 2nd period - Goal by Andrew Shaw - Monarchs : 3 - Mustangs : 2.
16:29 of 2nd period - Mika Zibanejad wins face-off versus Rickard Rakell in neutral zone.
16:42 of 2nd period - Snap shot by Rickard Rakell.
16:42 of 2nd period - Deflect By Tobias Rieder.
16:42 of 2nd period - Shot Misses the Net.
16:42 of 2nd period - Puck is out of play.
16:43 of 2nd period - Tyler Toffoli wins face-off versus Mika Zibanejad in Mustangs zone.
16:50 of 2nd period - Slapshot by Hampus Lindholm.
16:50 of 2nd period - Shot Misses the Net.
17:08 of 2nd period - Tomas Tatar is hit by Colton Parayko and loses puck.
17:29 of 2nd period - Wrist shot by Brady Skjei.
17:29 of 2nd period - Deflect By Jim O'Brien.
17:29 of 2nd period - Stopped by Matt Murray without a rebound.
17:30 of 2nd period - Jim O'Brien wins face-off versus Chris Tierney in Monarchs zone.
17:57 of 2nd period - Morgan Rielly is hit by Marcus Foligno and loses puck.
18:14 of 2nd period - Wrist shot by Tomas Tatar.
18:14 of 2nd period - Stopped by Matt Murray without a rebound.
18:15 of 2nd period - Rickard Rakell wins face-off versus Riley Sheahan in Monarchs zone.
18:15 of 2nd period - Rickard Rakell is hit by Riley Sheahan.
19:13 of 2nd period - Off-side.
19:14 of 2nd period - Mika Zibanejad wins face-off versus Rickard Rakell in neutral zone.
19:29 of 2nd period - Wrist shot by Marcus Foligno.
19:29 of 2nd period - Shot Blocked by Rickard Rakell.
19:48 of 2nd period - Off-side.
19:49 of 2nd period - Andrew Shaw wins face-off versus Tyler Toffoli in neutral zone.
Goals for this period are 0 for Monarchs vs 1 for Mustangs.
Shots for this period are 4 for Monarchs vs 16 for Mustangs.
3rd period
0:01 of 3rd period - Mika Zibanejad wins face-off versus Tobias Rieder in neutral zone.
0:36 of 3rd period - Slapshot by Hampus Lindholm.
0:36 of 3rd period - Goal by Hampus Lindholm - Monarchs : 4 - Mustangs : 2.
0:37 of 3rd period - Mika Zibanejad wins face-off versus Rickard Rakell in neutral zone.
0:48 of 3rd period - Snap shot by Jeff Skinner.
0:48 of 3rd period - Goal by Jeff Skinner - Monarchs : 5 - Mustangs : 2.
0:48 of 3rd period - Chet Pickard enters game.
0:49 of 3rd period - Rickard Rakell wins face-off versus Mika Zibanejad in neutral zone.
0:58 of 3rd period - Slapshot by Tobias Rieder.
0:58 of 3rd period - Stopped by Chet Pickard with a rebound.
1:00 of 3rd period - Snap shot by Rickard Rakell.
1:00 of 3rd period - Shot Misses the Net.
1:02 of 3rd period - Snap shot by Rickard Rakell.
1:02 of 3rd period - Shot Misses the Net.
1:04 of 3rd period - Slapshot by Matt Tennyson.
1:04 of 3rd period - Stopped by Chet Pickard without a rebound.
1:05 of 3rd period - Riley Sheahan wins face-off versus Tyler Toffoli in Mustangs zone.
1:09 of 3rd period - Off-side.
1:10 of 3rd period - Tyler Toffoli wins face-off versus Riley Sheahan in neutral zone.
1:46 of 3rd period - Wrist shot by Rickard Rakell.
1:46 of 3rd period - Stopped by Chet Pickard without a rebound.
1:47 of 3rd period - Jim O'Brien wins face-off versus Chris Tierney in Mustangs zone.
2:14 of 3rd period - Mika Zibanejad is hit by Rickard Rakell and loses puck.
2:31 of 3rd period - Minor Penalty to Tyler Toffoli for Charging.
2:32 of 3rd period - Riley Cote wins face-off versus Mika Zibanejad in Monarchs zone.
4:31 of 3rd period - Penalty to Tyler Toffoli is over, Tyler Toffoli is back on ice.
5:04 of 3rd period - Snap shot by Tyler Toffoli.
5:04 of 3rd period - Shot Misses the Net.
5:26 of 3rd period - Icing by Andreas Athanasiou.
5:27 of 3rd period - Tom Pyatt wins face-off versus Andreas Athanasiou in Mustangs zone.
5:53 of 3rd period - Snap shot by Riley Sheahan.
5:53 of 3rd period - Shot Misses the Net.
6:29 of 3rd period - Snap shot by Jim O'Brien.
6:29 of 3rd period - Shot Blocked by Jeff Skinner.
7:34 of 3rd period - Slapshot by Brady Skjei.
7:34 of 3rd period - Deflect By Mika Zibanejad.
7:34 of 3rd period - Stopped by Matt Murray with a rebound.
8:16 of 3rd period - Snap shot by Cameron Gaunce.
8:16 of 3rd period - Stopped by Matt Murray with a rebound.
8:18 of 3rd period - Snap shot by Jerome Samson.
8:18 of 3rd period - Stopped by Matt Murray with a rebound.
8:32 of 3rd period - Wrist shot by Eric Wellwood.
8:32 of 3rd period - Shot Blocked by Francis Paré.
8:34 of 3rd period - Slapshot by Olli Maatta.
8:34 of 3rd period - Stopped by Chet Pickard without a rebound.
8:35 of 3rd period - Mika Zibanejad wins face-off versus Tyler Toffoli in Mustangs zone.
8:52 of 3rd period - Off-side.
8:53 of 3rd period - Riley Sheahan wins face-off versus Rickard Rakell in neutral zone.
9:53 of 3rd period - Wrist shot by Jim O'Brien.
9:53 of 3rd period - Shot Misses the Net.
10:29 of 3rd period - Minor Penalty to Tobias Rieder for Hooking.
10:30 of 3rd period - Mika Zibanejad wins face-off versus Riley Cote in Monarchs zone.
10:33 of 3rd period - Snap shot by Mika Zibanejad.
10:33 of 3rd period - Shot Blocked by Matt Tennyson.
10:35 of 3rd period - Wrist shot by Josh Jooris.
10:35 of 3rd period - Shot Misses the Net.
10:37 of 3rd period - Snap shot by Marcus Foligno.
10:37 of 3rd period - Shot Misses the Net.
10:41 of 3rd period - Slapshot by Brady Skjei.
10:41 of 3rd period - Stopped by Matt Murray with a rebound.
10:43 of 3rd period - Slapshot by Marcus Foligno.
10:43 of 3rd period - Shot Misses the Net.
10:45 of 3rd period - Slapshot by Derek Joslin.
10:45 of 3rd period - Shot Blocked by Riley Cote.
11:44 of 3rd period - Off-side.
11:45 of 3rd period - Riley Sheahan wins face-off versus Riley Cote in neutral zone.
12:29 of 3rd period - Penalty to Tobias Rieder is over, Tobias Rieder is back on ice.
12:49 of 3rd period - Wrist shot by Tom Pyatt.
12:49 of 3rd period - Shot Misses the Net.
12:51 of 3rd period - Snap shot by Tobias Rieder.
12:51 of 3rd period - Stopped by Chet Pickard with a rebound.
12:53 of 3rd period - Wrist shot by Rickard Rakell.
12:53 of 3rd period - Stopped by Chet Pickard without a rebound.
12:54 of 3rd period - Eric Wellwood wins face-off versus Curtis Hamilton in Mustangs zone.
12:55 of 3rd period - Snap shot by Tyler Toffoli.
12:55 of 3rd period - Stopped by Chet Pickard with a rebound.
12:57 of 3rd period - Slapshot by Tyler Toffoli.
12:57 of 3rd period - Stopped by Chet Pickard without a rebound.
12:58 of 3rd period - Tyler Toffoli wins face-off versus Andreas Athanasiou in Mustangs zone.
12:59 of 3rd period - Wrist shot by Connor Brown.
12:59 of 3rd period - Shot Blocked by Alexei Marchenko.
13:09 of 3rd period - Wrist shot by Eric Wellwood.
13:09 of 3rd period - Stopped by Chet Pickard with a rebound.
13:11 of 3rd period - Slapshot by Eric Wellwood.
13:11 of 3rd period - Shot Misses the Net.
13:13 of 3rd period - Slapshot by Tyler Toffoli.
13:13 of 3rd period - Shot Blocked by Francis Paré.
13:25 of 3rd period - Snap shot by Riley Cote.
13:25 of 3rd period - Stopped by Chet Pickard with a rebound.
14:07 of 3rd period - Derek Joslin is hit by Tyler Toffoli.
14:12 of 3rd period - Backhand shot by Jerome Samson.
14:12 of 3rd period - Deflect By Jim O'Brien.
14:12 of 3rd period - Stopped by Matt Murray without a rebound.
14:13 of 3rd period - Mika Zibanejad wins face-off versus Tyler Toffoli in Monarchs zone.
14:20 of 3rd period - Colton Parayko is hit by Derek Joslin and loses puck.
15:06 of 3rd period - Rickard Rakell is hit by Andrew Shaw and loses puck.
15:45 of 3rd period - Bobby Sanguinetti is hit by Scott Mayfield and loses puck.
16:10 of 3rd period - Slapshot by Matt Tennyson.
16:10 of 3rd period - Stopped by Chet Pickard without a rebound.
16:11 of 3rd period - Rickard Rakell wins face-off versus Riley Sheahan in Mustangs zone.
16:12 of 3rd period - Slapshot by Tobias Rieder.
16:12 of 3rd period - Stopped by Chet Pickard without a rebound.
16:13 of 3rd period - Riley Sheahan wins face-off versus Rickard Rakell in Mustangs zone.
16:13 of 3rd period - Riley Sheahan is hit by Matt Tennyson.
17:04 of 3rd period - Snap shot by Mika Zibanejad.
17:04 of 3rd period - Shot Misses the Net.
17:06 of 3rd period - Wrist shot by Marcus Foligno.
17:06 of 3rd period - Shot Blocked by Colton Parayko.
17:08 of 3rd period - Slapshot by Josh Jooris.
17:08 of 3rd period - Shot Blocked by Colton Parayko.
17:10 of 3rd period - Slapshot by Brady Skjei.
17:10 of 3rd period - Shot Blocked by Chris Tierney.
17:28 of 3rd period - Off-side.
17:29 of 3rd period - Rickard Rakell wins face-off versus Mika Zibanejad in neutral zone.
18:03 of 3rd period - Slapshot by Alexei Marchenko.
18:03 of 3rd period - Shot Misses the Net.
18:05 of 3rd period - Minor Penalty to Tyler McNeely for Hooking.
18:06 of 3rd period - Riley Cote wins face-off versus Mika Zibanejad in Monarchs zone.
Goals for this period are 2 for Monarchs vs 0 for Mustangs.
Shots for this period are 14 for Monarchs vs 5 for Mustangs.
Back to the Top